Map: Frozen Temple

Players

capac

  • Race: Terran Terran
  • League: Gold

TomJ - Winner!

  • Race: Protoss Protoss
  • League: Gold

VOD

Have the link to the VOD?

Description

Time

  • Played on: May 15, 2016, 5:43 a.m.
  • Length: 12:49
Show
View Real Time Build Order
Export as new Build Order

capac Terran 

Build Orders: MMM Bio 

Get SALT Encoding   

  12  0:01  SCV  
  13  0:13  SCV  
  14  0:18  Supply Depot  
  14  0:25  SCV  
  15  0:40  Barracks, SCV  
  16  0:45  Refinery  
  16  0:52  SCV  
  17  1:04  SCV  
  18  1:20  Barracks  
  18  1:36  Marine  
  19  1:58  Marine  
  20  2:11  Marine  
  20  2:13  Barracks  
  21  2:20  Marine  
  19  2:44  Marine  
  19  2:45  Marine  
  19  2:47  Orbital Command  
  21  3:01  Factory  
  21  3:02  Marine  
  22  3:20  Barracks Tech Lab  
  22  3:24  SCV  
  22  3:25  Refinery  
  23  3:44  Factory Tech Lab  
  23  3:45  Supply Depot  
  23  3:50  SCV  
  24  4:04  Siege Tank  
  27  4:18  Stimpack  
  27  4:21  SCV  
  28  4:32  Command Center  
  28  4:34  SCV  
  29  4:48  Engineering Bay  
  29  4:49  SCV  
  29  4:51  Barracks Reactor  
  30  5:03  SCV  
  31  5:11  Starport, Marine  
  31  5:12  Marine  
  33  5:20  Missile Turret  
  33  5:23  Siege Tank  
  33  5:28  Marine x2  
  38  5:42  Barracks Reactor  
  38  5:52  Missile Turret  
  38  5:53  Starport Reactor  
  38  6:02  SCV  
  39  6:14  SCV  
  40  6:19  Orbital Command  
  40  6:21  Combat Shields  
  40  6:25  Marine x3  
  42  6:26  SCV  
  42  6:28  Marine  
  45  6:35  Medivac  
  47  6:41  Medivac  
  49  6:48  SCV x2  
  51  6:59  Supply Depot  
  51  7:09  Marine x3  
  54  7:20  Marine x2, SCV x2  
  58  7:23  Supply Depot  
  58  7:27  Marine x3, Liberator  
  61  7:33  SCV  
  62  7:44  Marine x2, SCV  
  62  7:45  Supply Depot, SCV  
  69  7:56  SCV  
  70  8:07  Marine  
  70  8:08  Marine x3  
  72  8:28  Liberator x2  
  72  8:43  Marine  
  72  8:44  Marine x3  
  72  8:46  Siege Tank  
  72  8:47  Marine  
  86  9:08  Terran Infantry Weapons Level 1, Supply Depot  
  86  9:09  Supply Depot, Marine x5  
  91  9:16  Barracks  
  91  9:17  Barracks  
  68  9:41  Viking x2  
  56  10:01  Cyclone  
  56  10:02  Marine x2  
  56  10:03  Marine x3  
  62  10:11  Viking x2  
  66  10:41  Viking  
  65  10:51  Marine x2  
  41  11:20  Viking x2  
  42  11:44  Marine x2  
  42  11:45  Cyclone  
  47  11:52  Orbital Command  
Show
View Real Time Build Order
Export as new Build Order

TomJ Protoss - Winner!

Build Orders:  

Get SALT Encoding   

  12  0:10  Pylon  
  12  0:13  Probe (Chrono Boost)  
  13  0:25  Probe (Chrono Boost)  
  14  0:36  Forge  
  14  0:48  Probe (Chrono Boost)  
  15  0:58  Probe (Chrono Boost)  
  16  1:08  Pylon  
  17  1:12  Pylon  
  17  1:17  Probe (Chrono Boost)  
  17  1:30  Photon Cannon  
  17  1:36  Photon Cannon  
  17  1:39  Pylon  
  16  1:47  Probe (Chrono Boost)  
  17  1:55  Assimilator  
  17  1:58  Probe (Chrono Boost)  
  18  2:05  Photon Cannon  
  19  2:08  Probe (Chrono Boost)  
  19  2:13  Photon Cannon  
  17  2:51  Probe (Chrono Boost)  
  18  3:01  Probe (Chrono Boost)  
  18  3:02  Photon Cannon  
  19  3:12  Probe (Chrono Boost)  
  20  3:22  Probe (Chrono Boost)  
  20  3:23  Gateway  
  21  3:27  Photon Cannon  
  21  3:35  Nexus  
  21  3:37  Pylon  
  21  3:39  Assimilator  
  21  3:40  Probe (Chrono Boost)  
  22  4:02  Probe (Chrono Boost)  
  23  4:12  Cybernetics Core  
  23  4:16  Pylon  
  23  4:35  Assimilator  
  23  4:49  Mothership Core (Chrono Boost)  
  23  4:51  Probe (Chrono Boost)  
  26  5:02  Probe (Chrono Boost)  
  27  5:12  Probe (Chrono Boost)  
  28  5:15  Pylon  
  28  5:21  Pylon  
  28  5:23  Probe (Chrono Boost)  
  29  5:34  Probe (Chrono Boost)  
  30  5:44  Probe (Chrono Boost)  
  30  5:46  Stargate  
  30  5:49  Stargate  
  31  5:51  Stargate, Assimilator  
  31  5:55  Probe (Chrono Boost)  
  32  6:05  Probe (Chrono Boost)  
  33  6:16  Probe (Chrono Boost)  
  34  6:26  Probe (Chrono Boost)  
  34  6:32  Pylon  
  35  6:35  Void Ray x3  
  35  6:37  Probe (Chrono Boost)  
  48  6:47  Probe (Chrono Boost)  
  49  6:58  Probe (Chrono Boost)  
  51  7:08  Probe (Chrono Boost)  
  51  7:18  Void Ray x3 (Chrono Boost)  
  51  7:19  Probe (Chrono Boost)  
  64  7:30  Probe  
  65  7:42  Probe  
  66  7:54  Probe  
  75  8:06  Probe  
  75  8:07  Void Ray x2 (Chrono Boost)  
  76  8:32  Pylon  
  76  8:34  Pylon  
  76  8:46  Photon Cannon  
  76  8:53  Photon Cannon  
  76  9:15  Photon Cannon  
  76  9:19  Photon Cannon  
  76  9:26  Nexus  
  72  9:37  Void Ray (Chrono Boost)  
  64  9:52  Void Ray (Chrono Boost)  
  68  9:59  Void Ray (Chrono Boost)  
  66  10:14  Pylon x2  
  59  10:33  Void Ray (Chrono Boost)  
  57  10:39  Void Ray (Chrono Boost)  
  57  10:42  Void Ray (Chrono Boost)  
  60  11:10  Void Ray (Chrono Boost)  
  52  11:21  Void Ray (Chrono Boost)  
  52  11:25  Void Ray (Chrono Boost)  
  36  12:16  Probe  
  36  12:20  Probe  
  38  12:27  Probe, Assimilator  
  39  12:30  Probe, Assimilator  
  39  12:35  Pylon  
Tags
 
Composition
MMM Bio
League
GoldGold
Matchup
PvT
Add a new tag
Caveats
  • Supply blocks, unpowered buildings, or Contaminate may cause inaccurate times.
  • Supply counts are checked every 10 seconds.